 Dungeon Crawl Stone Soup version 0.21-a0-41-g5e91fef (webtiles) character file.

521 roguesci the Chiller (level 7, -3/57 HPs)
             Began as a Black Draconian Ice Elementalist on June 3, 2017.
             Slain by Natasha (7 damage)
             ... on level 3 of the Dungeon.
             The game lasted 00:15:23 (3993 turns).

roguesci the Chiller (DrIE)                         Turns: 3993, Time: 00:15:24

Health: -3/57      AC:  8    Str: 10    XL:     7   Next: 1%
Magic:  12/12      EV: 15    Int: 17    God:
Gold:   164        SH:  0    Dex: 12    Spells: 9/13 levels left

rFire    . . .     SeeInvis .   e - +0 whip
rCold    . . .     Gourm    +   (no shield)
rNeg     . . .     Faith    .   (armour unavailable)
rPois    .         Spirit   .   (helmet restricted)
rElec    +         Reflect  .   (no cloak)
rCorr    .         Harm     .   l - +0 pair of gloves
MR       .....                  p - +0 pair of boots
Stlth    ++........             f - amulet of the gourmand
Regen    0.2/turn               m - +2 ring of evasion
MPRegen  0.2/turn               (no ring)

@: no status effects
A: breathe lightning, unfitting armour, electricity resistance, cold-blooded, AC
+6
a: Breathe Lightning


You were on level 3 of the Dungeon.
You were completely stuffed.

You visited 1 branch of the dungeon, and saw 3 of its levels.

You collected 164 gold pieces.

Inventory:

Hand Weapons
 e - a +0 whip (weapon)
Missiles
 q - 24 stones (quivered)
Armour
 l - a +0 pair of gloves (worn)
 p - a +0 pair of boots (worn)
Jewellery
 f - an amulet of the gourmand (around neck)
 m - a +2 ring of evasion (left hand)
Wands
 j - a wand of enslavement (12/24)
Scrolls
 d - 2 scrolls of magic mapping
 g - 3 scrolls of identify
 h - a scroll of enchant weapon {unknown}
 n - a scroll of random uselessness {unknown}
 o - a scroll of enchant armour {unknown}
 r - a scroll of amnesia {unknown}
Potions
 c - a potion of haste {unknown}
 k - a potion of cancellation
Books
 a - a book of Frost

   Spells                             Type                      Level
   a - Freeze                         Ice                          1
   b - Throw Frost                    Conjuration/Ice              2
   c - Ozocubu's Armour               Charms/Ice                   3
   d - Throw Icicle                   Conjuration/Ice              4
   e - Summon Ice Beast               Ice/Summoning                4
Comestibles
 b - 4 bread rations


   Skills:
 * Level 3.2 Fighting
 + Level 1.8 Maces & Flails
 * Level 3.6 Dodging
 + Level 3.1 Stealth
 * Level 3.6 Spellcasting
   Level 1.0 Conjurations
 + Level 4.0 Ice Magic


You had 9 spell levels left.
You knew the following spells:

 Your Spells              Type           Power        Failure   Level  Hunger
a - Freeze                Ice            ###.         3%          1    None
b - Ozocubu's Armour      Chrm/Ice       #.......     22%         3    ###....


Dungeon Overview and Level Annotations

Branches:
Dungeon (3/15)

Altars:
Cheibriados
Makhleb
Ru
Uskayaw
Vehumet
Wu Jian

Annotations:
D:3 Natasha


Innate Abilities, Weirdness & Mutations

You can breathe wild blasts of lightning.
Your glossy black scales are hard. (AC +6)
You cannot fit into any form of body armour.
You are resistant to electric shocks. (rElec)
You are cold-blooded and may be slowed by cold attacks.


Message History

* * * LOW HITPOINT WARNING * * *
Natasha stares at you and mumbles some strange words.
The magic dart hits you!
* * * LOW HITPOINT WARNING * * *
Natasha barely misses you. Natasha claws you.
* * * LOW HITPOINT WARNING * * *
Natasha mewls in sadness.
Natasha claws you but does no damage. Natasha misses you.
Natasha howls an incantation.
Natasha shimmers violently.
Natasha misses you. Natasha casts a spell at you. The magic dart hits you!
* * * LOW HITPOINT WARNING * * *
Natasha claws you!
* * * LOW HITPOINT WARNING * * *
Natasha claws you!
You die...

........# .######.# .# #.#
## #.########## #
#......)†..## ##
#########.<.# .### #...#
...# ####...#### ...#
#....@....###### ...#
#.....h..>.....####### ...#
#..................... .#.#
####....######.######.
.#.############....# ##.##
#.
.......)...........#####...#
#.
....(##.#############..#.#.#
#. .#.#.##.# #..._..# #.
.#.#.##.#*** #.##.#.# #.


You could see Natasha.

Vanquished Creatures
  An orc warrior (D:3)
  A scorpion (D:3)
  3 orc priests (D:3)
  Ijyb (D:3)
  3 orc wizards (D:3)
  Jessica (D:2)
  Natasha (twice) (D:3)
  2 adders
  An ooze (D:2)
  A worm (D:3)
  4 dart slugs
  A leopard gecko (D:1)
  5 orcs
  11 bats
  3 giant cockroaches (D:2)
  4 goblins
  6 hobgoblins
  5 jackals
  A quokka (D:2)
  4 frilled lizards
  6 kobolds
  6 rats
72 creatures vanquished.

Notes
Turn   | Place    | Note
-------+----------+-------------------------------------------
     0 | D:1      | roguesci the Draconian Ice Elementalist began the quest for the Orb.
     0 | D:1      | Reached XP level 1. HP: 14/14 MP: 3/3
   736 | D:1      | Reached XP level 2. HP: 22/22 MP: 0/5
  1099 | D:1      | Reached skill level 1 in Fighting
  1283 | D:2      | Found a faded altar of an unknown god.
  1283 | D:2      | Noticed Jessica
  1289 | D:2      | Killed Jessica
  1289 | D:2      | Reached XP level 3. HP: 28/28 MP: 2/6
  1351 | D:2      | Learned a level 3 spell: Ozocubu's Armour
  1412 | D:2      | Found a hide-covered altar of Uskayaw.
  1425 | D:2      | Found a sacrificial altar of Ru.
  1426 | D:2      | Found a burning altar of Makhleb.
  1453 | D:2      | Found a radiant altar of Vehumet.
  1615 | D:2      | Reached XP level 4. HP: 29/35 MP: 1/8
  1919 | D:3      | Found an ornate altar of the Wu Jian Council.
  2033 | D:3      | Noticed Natasha
  2046 | D:3      | Killed Natasha
  2251 | D:3      | Noticed Natasha
  2259 | D:3      | Killed Natasha
  2259 | D:3      | Reached XP level 5. HP: 36/41 MP: 3/9
  2302 | D:3      | Noticed an orc warrior
  2331 | D:3      | Reached skill level 1 in Maces & Flails
  2412 | D:3      | HP: 1/42 [orc warrior/halberd (11)]
  2415 | D:3      | Killed an orc warrior
  2415 | D:3      | Reached XP level 6. HP: 2/50 MP: 1/11
  2980 | D:3      | Found a snail-covered altar of Cheibriados.
  3605 | D:3      | Reached skill level 4 in Ice Magic
  3854 | D:3      | Noticed Ijyb
  3876 | D:3      | Killed Ijyb
  3876 | D:3      | Your scales start taking on a glossy black colour.
  3876 | D:3      | Reached XP level 7. HP: 55/57 MP: 4/12
  3876 | D:3      | Gained mutation: You are resistant to electric shocks. (rElec) [Black Draconian growth]
  3961 | D:3      | Noticed Natasha
  3993 | D:3      | Slain by Natasha

Vault maps used:
D:1:      dpeg_chamrin_arrival_tetris
D:2:      grunt_temple_overflow_open, vehumet_crystals,
          chequers_ecumenical_altar_simple, first_bread, minmay_tiny_reverse_x,
          uniq_jessica
D:3:      lemuel_doored_altar, lemuel_crystal_altar, minivault_24, uniq_ijyb,
          uniq_natasha

Skill      XL: |  1  2  3  4  5  6 |
---------------+-------------------+-----
Dodging        | 2 3 |  3.6
Fighting       | 1 2 3 |  3.2
Stealth        | 2 3 |  3.1
Spellcasting   | 3 |  3.6
Maces & Flails | 1 |  1.8
Ice Magic      | 4 |  4.0
Conjurations   | |  1.0

Action                   |  1- 3 |  4- 6 |  7- 9 || total
-------------------------+-------+-------+-------++-------
Melee: Whip              |    77 |   150 |       ||   227
       Unarmed           |     8 |       |       ||     8
       Tailslap          |    11 |    14 |       ||    25
Throw: Stone             |       |     4 |       ||     4
 Cast: Freeze            |    12 |    64 |     1 ||    77
       Ozocubu's Armour  |     3 |     9 |       ||    12
 Abil: Breathe Lightning |       |       |     1 ||     1
  Use: Potion            |     1 |     3 |       ||     4
       Scroll            |       |     3 |       ||     3
 Stab: Sleeping          |     4 |     5 |       ||     9
  Eat: Chunk             |     3 |    20 |     1 ||    24
Armor: Skin              |    27 |    55 |    14 ||    96
Dodge: Dodged            |    71 |   144 |    26 ||   241
